 Dungeon Crawl Stone Soup version 0.21.1-1-g345015f (webtiles) character file.

1396 theRoog the Cleaver (level 8, 0/71 HPs)
             Began as a Minotaur Berserker on June 1, 2018.
             Was a Priest of Trog.
             Slain by Duvessa
             ... wielding a +0 rapier
              (5 damage)
             ... on level 6 of the Dungeon on June 13, 2018.
             The game lasted 00:06:37 (3942 turns).

theRoog the Cleaver (Minotaur Berserker)            Turns: 3942, Time: 00:06:38

Health: 0/71       AC: 11    Str: 25    XL:     8   Next: 41%
Magic:  7/7        EV: 10    Int:  4    God:    Trog [***...]
Gold:   178        SH:  0    Dex:  9    Spells: 7/7 levels left

rFire    . . .     SeeInvis .   a - +1 hand axe
rCold    . . .     Gourm    +   (no shield)
rNeg     . . .     Faith    .   B - +0 chain mail
rPois    .         Spirit   .   (helmet restricted)
rElec    .         Reflect  .   v - +0 cloak
rCorr    .         Harm     .   (no gloves)
MR       .....                  (no boots)
Stlth    ..........             x - amulet of the gourmand
HPRegen  0.21/turn              (no ring)
MPRegen  0.10/turn              (no ring)

@: no status effects
A: retaliatory headbutt, horns 2
a: Berserk, Trog's Hand, Burn Spellbooks, Renounce Religion


You were on level 6 of the Dungeon.
You worshipped Trog.
Trog was most pleased with you.
You were hungry.

You visited 1 branch of the dungeon, and saw 6 of its levels.

You collected 178 gold pieces.

Inventory:

Hand Weapons
 a - a +1 hand axe (weapon)
Armour
 b - a +0 animal skin
 v - a +0 cloak (worn)
 A - a +0 ring mail
 B - a +0 chain mail (worn)
Jewellery
 o - an uncursed ring of wizardry
 r - an uncursed amulet of faith {unknown}
 x - an amulet of the gourmand (around neck)
Scrolls
 d - 5 scrolls of identify
 h - a scroll of fear {unknown}
 j - a scroll of enchant weapon
 m - 3 scrolls of teleportation
 n - 2 scrolls of noise {unknown}
 s - a scroll of brand weapon {unknown}
 u - a scroll of magic mapping {unknown}
 w - a scroll of enchant armour {unknown}
 y - a scroll of immolation {unknown}
Potions
 e - 3 potions of agility {unknown}
 f - 2 potions of flight {unknown}
 g - 4 potions of heal wounds
 i - a potion of brilliance {unknown}
 k - a potion of haste {unknown}
 l - 3 potions of curing {unknown}
 p - 2 potions of resistance {unknown}
 q - a potion of cancellation {unknown}
 t - 2 potions of magic {unknown}
 z - a potion of invisibility
Comestibles
 c - 7 rations


   Skills:
 + Level 6.6 Fighting
 + Level 9.5 Axes
 + Level 4.9 Armour
 + Level 4.7 Dodging
 + Level 1.1 Stealth


You had 7 spell levels left.
You didn't know any spells.

Dungeon Overview and Level Annotations

Branches:
Dungeon (6/15)             Temple (0/1) D:6

Altars:
Cheibriados
Ru
Trog
Wu Jian
Xom

Annotations:
D:6 Duvessa


Innate Abilities, Weirdness & Mutations

You reflexively headbutt those who attack you in melee.
You have a pair of horns on your head.


Message History

Duvessa is almost dead.
Duvessa hits you with a rapier!
You hit Duvessa but do no damage. Your headbutt misses Duvessa.
Duvessa is almost dead.
Duvessa misses you. Duvessa closely misses you.
Your chain mail prevents you from hitting Duvessa.
Duvessa is almost dead.
Duvessa barely misses you.
You hit Duvessa.
Duvessa is almost dead.
Duvessa hits you with a rapier!
* * * LOW HITPOINT WARNING * * *
You barely miss Duvessa. Your headbutt misses Duvessa.
Duvessa is almost dead.
Duvessa hits you with a rapier!
* * * LOW HITPOINT WARNING * * *
You barely miss Duvessa. You headbutt Duvessa.
Duvessa is almost dead.
Duvessa hits you with a rapier.
You die...

#..###.....# .# #
............##.#.#
<##..###[....#....# #
#.. #.......# # #.)
#.###.#....# # #.
#..###.###.##.#.#
#.##.##.........).....#
#....)##............###
#.e@#####.#######..≈
#.........# ≈≈
#...####.## ≈ ##### #.#
#.# #.# #.# ..# ###


You could see Duvessa (berserk).

Vanquished Creatures
  The ghost of SmSkdm the Ruffian, a novice DrTm of Wu Jian (D:5)
  Sigmund (D:3)
  A phantom (D:4)
  A centaur (D:5)
  Dowan (D:6)
  A scorpion (D:4)
  A howler monkey (D:4)
  2 hounds
  A jelly (D:5)
  A bullfrog zombie (D:6)
  An orc wizard (D:3)
  An orc priest (D:3)
  A bullfrog skeleton (D:5)
  2 centaur skeletons
  2 worker ants
  3 gnolls (D:5)
  5 adders
  An adder skeleton (D:5)
  5 worms
  4 dart slugs
  4 leopard geckos
  7 orcs
  11 bats
  4 giant cockroaches
  8 goblins
  5 hobgoblins
  2 jackals (D:4)
  2 quokkas (D:4)
  3 ball pythons
  5 frilled lizards
  10 kobolds
  A leopard gecko zombie (D:5)
  8 rats
106 creatures vanquished.

Notes
Turn   | Place    | Note
-------+----------+-------------------------------------------
     0 | D:1      | theRoog the Minotaur Berserker began the quest for the Orb.
     0 | D:1      | Reached XP level 1. HP: 19/19 MP: 0/0
    37 | D:1      | Reached XP level 2. HP: 15/27 MP: 1/1
   110 | D:1      | Reached skill level 4 in Axes
   756 | D:2      | Reached XP level 3. HP: 33/33 MP: 2/2
   875 | D:2      | Reached ** piety under Trog
   934 | D:2      | Reached XP level 4. HP: 23/41 MP: 3/3
  1041 | D:2      | Reached skill level 5 in Axes
  1208 | D:3      | Noticed Sigmund
  1224 | D:3      | Killed Sigmund
  1224 | D:3      | Reached skill level 5 in Fighting
  1224 | D:3      | Reached skill level 6 in Axes
  1224 | D:3      | Reached XP level 5. HP: 28/48 MP: 4/4
  1394 | D:3      | Reached XP level 6. HP: 46/56 MP: 5/5
  1867 | D:3      | Noticed a moth of wrath
  1870 | D:3      | Found a bloodstained altar of Trog.
  2036 | D:4      | Reached skill level 7 in Axes
  2040 | D:4      | Found a snail-covered altar of Cheibriados.
  2127 | D:4      | Found an ornate altar of the Wu Jian Council.
  2308 | D:4      | Reached *** piety under Trog
  2370 | D:4      | Reached XP level 7. HP: 61/61 MP: 6/6
  2714 | D:5      | Entered Level 5 of the Dungeon
  2797 | D:5      | Found a shimmering altar of Xom.
  2803 | D:5      | Reached skill level 8 in Axes
  2839 | D:5      | Noticed SmSkdm's ghost (novice DrTm)
  2854 | D:5      | Killed SmSkdm's ghost
  2854 | D:5      | Reached skill level 9 in Axes
  2854 | D:5      | Reached skill level 1 in Stealth
  2854 | D:5      | Reached XP level 8. HP: 56/70 MP: 7/7
  3849 | D:6      | Found a sacrificial altar of Ru.
  3909 | D:6      | Found a staircase to the Ecumenical Temple.
  3917 | D:6      | Noticed Duvessa
  3917 | D:6      | Noticed Dowan
  3932 | D:6      | Killed Dowan
  3942 | D:6      | Slain by Duvessa

Skill      XL: |  1  2  3  4  5  6  7  8 |
---------------+-------------------------+-----
Fighting       | 4 5 6 |  6.6
Axes           | 4 6 7 9 |  9.5
Dodging        | 3 4 |  4.7
Armour         | 3 4 |  4.9
Stealth        | 1 |  1.1

Action                   |  1- 3 |  4- 6 |  7- 9 || total
-------------------------+-------+-------+-------++-------
Melee: Hand axe          |    68 |   108 |   105 ||   281
       Headbutt          |    11 |    19 |    27 ||    57
Invok: Berserk           |       |     1 |     1 ||     2
  Use: Scroll            |       |     5 |       ||     5
       Potion            |       |     2 |       ||     2
 Stab: Sleeping          |       |     1 |       ||     1
  Eat: Ration            |       |     1 |     1 ||     2
       Chunk             |       |     3 |     1 ||     4
Armor: Animal skin       |     7 |    10 |       ||    17
       Chain mail        |       |    13 |    38 ||    51
       Ring mail         |       |     1 |       ||     1
Dodge: Dodged            |    46 |    71 |    38 ||   155
